 Dungeon Crawl Stone Soup version 0.25.0-46-gbd7b0854d2 (webtiles) character file.

Game seed: 10165730076930063401

51 Ethylacetat the Gusty (level 3, -1/21 HPs)
             Began as an Octopode Air Elementalist on July 14, 2020.
             Slain by a gnoll (6 damage)
             ... on level 2 of the Dungeon.
             The game lasted 00:08:34 (2168 turns).

Ethylacetat the Gusty (Octopode Air Elementalist)   Turns: 2168, Time: 00:08:35

Health: -1/21      AC:  1    Str:  8    XL:     3   Next: 81%
Magic:  1/6        EV: 13    Int: 17    God:
Gold:   105        SH:  0    Dex: 12    Spells: 6/7 levels left

rFire    + . .     SeeInvis .   p - +0 club
rCold    . . .     Gourm    .   (no shield)
rNeg     . . .     Faith    .   (helmet restricted)
rPois    .         Spirit   .   (no amulet)
rElec    .         Reflect  .   c - ring of wizardry
rCorr    .         Harm     .   k - ring of protection from fire
MR       .....                  (no ring)
Stlth    +++.......             (no ring)
HPRegen  0.07/turn              (no ring)
MPRegen  0.10/turn              (no ring)
                                (no ring)
                                (no ring)

@: no status effects
A: almost no armour, stealthy swim, amphibious, 8 rings, constrict 8, camouflage
1, gelatinous body 1
a: no special abilities


You were on level 2 of the Dungeon.
You were not hungry.

You visited 1 branch of the dungeon, and saw 2 of its levels.

You collected 105 gold pieces.

Inventory:

Hand Weapons
 j - a +0 club
 p - a +0 club (weapon)
Jewellery
 c - a ring of wizardry (left tentacle)
 k - a ring of protection from fire (right tentacle)
Scrolls
 e - 2 scrolls of teleportation {unknown}
 f - 3 scrolls of identify {unknown}
 h - a scroll of fog {unknown}
 m - a scroll of enchant weapon {unknown}
 n - a scroll of remove curse {unknown}
 o - a scroll of blinking {unknown}
Potions
 d - a potion of invisibility {unknown}
 g - a potion of curing {unknown}
 i - a potion of berserk rage {unknown}
 l - a potion of flight {unknown}
Comestibles
 a - 4 chunks of flesh
 b - 4 rations


   Skills:
 - Level 2.0 Dodging
 - Level 2.6 Stealth
 + Level 2.6 Spellcasting
 - Level 1.0 Conjurations
 * Level 4.1 Air Magic


You had 6 spell levels left.
You knew the following spells:

 Your Spells              Type           Power        Failure   Level  Hunger
a - Shock                 Conj/Air       ##..         2%          1    #......

Your spell library contained the following spells:

 Spells                   Type           Power        Failure   Level  Hunger
 Swiftness                Chrm/Air       #.......     4%          2    ##.....
 Static Discharge         Conj/Air       ##......     8%          3    ###....
 Airstrike                Air            ###.......   13%         4    #####..
 Lightning Bolt           Conj/Air       ##........   52%         5    ######.


Dungeon Overview and Level Annotations

Branches:
Dungeon (2/15)

Altars:


Innate Abilities, Weirdness & Mutations

You cannot wear most types of armour.
You are very stealthy in the water. (Stealth+)
You are amphibious.
You can wear up to eight rings at the same time.
You can use your tentacles to constrict eight enemies at once.
Your skin changes colour to match your surroundings (Stealth+).
Your rubbery body absorbs attacks. (AC +1, EV +1)


Message History

The gnoll closely misses you. x2
Casting: Shock (safe; 2% risk of failure)
Confirm with . or Enter, or press ? or * to list all spells.
Aiming: Shock (safe; 2% risk of failure)
Press: ? - help, Shift-Dir - straight line The zap hits the gnoll.
The gnoll is almost dead.
The zap hits the gnoll.
You kill the gnoll!
You hear a shout!
The gnoll misses you.
You barely miss the gnoll. Your grab misses the gnoll.
Your squeeze misses the gnoll.
The gnoll is almost dead.
The gnoll hits you.
* * * LOW HITPOINT WARNING * * *
You hit the gnoll but do no damage. You grab the gnoll.
The gnoll is almost dead.
You constrict the gnoll. The gnoll hits you.
You die...

#...รท.# #....# #.....#
#....# #.....# #....#
#.....#####....########
#....(.........'.......
####'######....########
#.# #....# #....
#.########### ##.... ..
#>g@....... ...... #...
#)######### #.... #....
#.# #....
#...?#####.#### #....
#.............# #....
#.............# #....
####..........# #....
##..!.......# #....
.......(.(...#
#####....


You could see a gnoll.

Vanquished Creatures
  2 gnolls (D:2)
  2 worms
  2 leopard geckos
  6 bats
  A giant cockroach (D:2)
  2 goblins (D:2)
  3 hobgoblins (D:1)
  A kobold (D:2)
  2 frilled lizards (D:2)
  4 rats
25 creatures vanquished.

Notes
Turn   | Place    | Note
-------+----------+-------------------------------------------
     0 | D:1      | Ethylacetat the Octopode Air Elementalist began the quest
                  | for the Orb.
     0 | D:1      | Reached XP level 1. HP: 11/11 MP: 3/3
   436 | D:1      | Reached XP level 2. HP: 17/17 MP: 3/5
  1734 | D:2      | Reached XP level 3. HP: 8/21 MP: 0/6
  2158 | D:2      | Reached skill level 4 in Air Magic
  2168 | D:2      | Slain by a gnoll

Illustrated notes

Levels and vault maps discovered:
D:1:      ncdulo_halloftheorcs, layout_basic, minmay_misc_feat_cross,
          chequers_big_river
D:2:      layout_basic, chequers_ecumenical_altar_island,
          kennysheep_minor_cross, grunt_ministairs_1

Skill      XL: |  1  2  3 |
---------------+----------+-----
Air Magic      | 4 |  4.1
Dodging        | |  2.0
Stealth        | |  2.6
Spellcasting   | |  2.6
Conjurations   | |  1.0

Action                   || total
-------------------------++-------
Melee: Unarmed           ||    12
       Constrict         ||     9
       Tentacles         ||     3
       Club              ||    25
 Cast: Shock             ||    35
 Stab: Sleeping          ||     5
  Eat: Chunk             ||     4
Armor: Skin              ||     6
Dodge: Dodged            ||    40
